AoeStats
← mgaitaniella

Black Forest

509254007Analyzed
4v4 RM · 5d ago on Sep 26, 2026· 63m 22s· 8 players
Game mode
Random Map
Map size
Large (8 player)
Population
200
Speed
Normal
Resources
Standard
Victory
Conquest
Starting age
Dark Age
Ending age
Imperial Age
RankedLock teamsTeams togetherTeam positionsShared explorationLock speedFull tech treeHidden civsTurbo modeCheats
Victory
Defeat
🇨🇳 Chinese · China
958
+15
🇪🇨 Khmer · Ecuador
924
+17
🇺🇸 Huns · United States
920
+17
🇨🇳 Italians · China
840
+21
🇭🇰 Danes · Hong Kong SAR China
981
-19
🇨🇳 Khmer · China
932
-17
🇹🇼 Persians · Taiwan
928
-17
🇨🇳 Koreans · China
922
-37
Duma
2:02 Loom
11:16 Feudal Age
12:49 Horse Collar
12:56 Double-Bit Axe
18:18 Castle Age
21:52 Bow Saw
23:54 Heavy Plow
23:45 Gold Mining
23:46 Stone Mining
25:17 Gold Shaft Mining
26:10 Stone Shaft Mining
30:05 Wheelbarrow
33:33 Imperial Age
32:01 Hand Cart
31:32 Town Watch
34:13 Conscription
35:02 Two-Man Saw
34:35 Crop Rotation
34:14 Scale Barding Armor
35:34 Caravan
35:46 Kamandaran
39:52 Forging
39:17 Pikeman
47:24 Elite Skirmisher
48:10 Thumb Ring
50:57 Chain Barding Armor
50:03 Cavalier
50:43 Husbandry
51:01 Devotion
52:12 Light Cavalry
53:02 Bloodlines
不明步行下體
11:48 Feudal Age
16:16 Castle Age
14:08 Double-Bit Axe
14:25 Horse Collar
15:48 Fishing Lines
17:03 Loom
17:55 Bow Saw
22:07 Gillnets
22:24 Scale Mail Armor
22:35 Forging
24:52 Wheelbarrow
24:04 Town Watch
25:18 Heavy Plow
27:13 Hand Cart
28:01 Chain Mail Armor
28:22 Iron Casting
28:34 Gold Mining
29:39 Fletching
30:20 Ballistics
30:11 Masonry
33:16 Imperial Age
31:00 Bodkin Arrow
32:40 Gold Shaft Mining
31:56 Stone Mining
32:14 Squires
31:59 Arson
32:01 Gambesons
32:59 Murder Holes
33:09 Padded Archer Armor
34:03 Caravan
34:33 Coinage
33:38 Elite Varangian Guard
34:52 Plate Mail Armor
35:23 Blast Furnace
34:25 Bracer
35:30 Chemistry
34:35 Siege Engineers
35:23 Conscription
34:27 Hamask
34:57 Elite Jomsviking
36:23 Conscription
38:42 Conscription
37:55 Northmen's Fury
38:43 Onager
40:34 Siege Onager
46:12 Conscription
45:41 Pikeman
47:07 Halberdier
gysrj777098
18:49 Feudal Age
17:07 Loom
19:33 Horse Collar
19:44 Double-Bit Axe
20:40 Wheelbarrow
21:07 Town Watch
30:04 Castle Age
28:49 Man-at-Arms
29:15 Arson
30:51 Heavy Plow
31:06 Bow Saw
31:00 Squires
30:21 Pikeman
30:22 Long Swordsman
31:11 Thumb Ring
30:27 Elite Skirmisher
30:27 Crossbowman
33:45 Town Patrol
34:23 Husbandry
33:44 Light Cavalry
34:43 Gold Mining
39:11 Imperial Age
40:43 Hand Cart
43:21 Two-Man Saw
45:10 Halberdier
45:11 Two-Handed Swordsman
45:12 Elite Fire Lancer
47:02 Gold Shaft Mining
沙正街小霸王
0:34 Loom
14:33 Feudal Age
18:47 Castle Age
17:32 Double-Bit Axe
17:33 Horse Collar
18:24 Stone Mining
18:26 Gold Mining
20:16 Bow Saw
20:10 Heavy Plow
26:01 Fervor
27:26 Wheelbarrow
32:31 Imperial Age
30:35 Fortified Wall
32:45 Hand Cart
33:21 Stone Shaft Mining
33:24 Gold Shaft Mining
33:13 Ballistics
33:06 Masonry
33:49 Double Crossbow
34:40 Bloodlines
34:30 Husbandry
33:51 Light Cavalry
34:45 Fletching
35:01 Scale Barding Armor
35:47 Hoardings
35:33 Conscription
34:47 Hussar
35:30 Town Watch
37:09 Chemistry
37:21 Chain Barding Armor
38:06 Crop Rotation
37:31 Heavy Scorpion
41:23 Siege Engineers
41:48 Architecture
41:21 Bodkin Arrow
43:08 Plate Barding Armor
42:44 Forging
43:12 Caravan
44:18 Bracer
44:46 Town Patrol
mgaitaniella
0:28 Loom
13:23 Feudal Age
18:36 Castle Age
17:08 Fishing Lines
17:27 Gold Mining
19:12 Wheelbarrow
24:16 Double-Bit Axe
25:28 Horse Collar
28:56 Bow Saw
31:57 Imperial Age
30:22 Hand Cart
29:53 Town Watch
30:14 Heavy Plow
30:11 Fletching
31:01 Bloodlines
30:52 Husbandry
30:56 Padded Archer Armor
30:59 Gillnets
32:02 Gold Shaft Mining
31:18 Stone Mining
31:40 Scale Barding Armor
32:09 Leather Archer Armor
32:19 Bodkin Arrow
32:46 Chain Barding Armor
32:37 Forging
33:24 Parthian Tactics
33:39 Conscription
33:46 Bracer
33:58 Marauders
34:46 Plate Barding Armor
35:18 Two-Man Saw
34:59 Masonry
34:48 Murder Holes
36:23 Iron Casting
35:22 Heavy Cavalry Archer
36:42 Elite Tarkan
38:59 Blast Furnace
44:31 Caravan
63:17 Atheism
63:18 Guilds
WinyHornet8
11:28 Feudal Age
16:25 Castle Age
15:15 Double-Bit Axe
15:21 Horse Collar
15:52 Gold Mining
16:11 Stone Mining
19:48 Bow Saw
20:01 Heavy Plow
26:31 Ballistics
29:37 Imperial Age
28:10 Gold Shaft Mining
28:55 Wheelbarrow
29:10 Caravan
30:42 Stone Shaft Mining
30:44 Hand Cart
31:24 Crop Rotation
32:50 Heavy Scorpion
34:58 Chemistry
34:04 Siege Engineers
35:42 Double Crossbow
35:50 Tusk Swords
35:13 Elite Ballista Elephant
36:14 Conscription
48:27 Bloodlines
48:17 Husbandry
50:42 Scale Barding Armor
50:29 Fletching
50:41 Padded Archer Armor
60:50 Bodkin Arrow
61:10 Leather Archer Armor
61:17 Chain Barding Armor
61:08 Forging
xxzxg_Nono
0:28 Loom
12:31 Feudal Age
12:56 Horse Collar
19:45 Castle Age
18:28 Double-Bit Axe
20:57 Heavy Plow
21:28 Scale Barding Armor
20:44 Light Cavalry
23:13 Bow Saw
24:23 Gold Mining
26:00 Fervor
26:10 Sanctity
26:32 Caravan
27:31 Bloodlines
27:24 Husbandry
27:50 Chain Barding Armor
30:55 Gold Shaft Mining
34:44 Imperial Age
34:13 Ballistics
34:29 Forging
35:40 Wheelbarrow
35:34 Caravan
36:56 Plate Barding Armor
36:57 Iron Casting
36:20 Murder Holes
36:51 Conscription
38:26 Theocracy
38:11 Block Printing
38:21 Illumination
40:01 Two-Man Saw
41:06 Heavy Rocket Cart
45:26 Hand Cart
47:52 Rocketry
50:23 Heavy Scorpion
51:09 Devotion
52:45 Great Wall
62:00 Cavalier
62:44 Town Watch
四时小路泥+
1:55 Loom
12:28 Feudal Age
13:08 Horse Collar
13:20 Double-Bit Axe
19:53 Castle Age
18:01 Fletching
18:13 Padded Archer Armor
19:38 Gold Mining
21:36 Fishing Lines
25:00 Fervor
25:50 Sanctity
26:32 Devotion
28:14 Heavy Plow
28:26 Bow Saw
28:11 Stone Mining
30:00 Bodkin Arrow
30:30 Silk Road
30:57 Redemption
34:43 Imperial Age
32:50 Wheelbarrow
32:01 Town Watch
33:14 Forging
33:10 Scale Barding Armor
33:54 Light Cavalry
34:36 Husbandry
35:53 Hussar
36:46 Bloodlines
39:37 Iron Casting
39:03 Bracer
39:24 Chain Barding Armor
39:15 Elite Genoese Crossbowman
40:34 Faith
41:32 Caravan
44:40 Blast Furnace
43:58 Leather Archer Armor
44:11 Conscription
45:18 Two-Man Saw
45:47 Theocracy
46:51 Elite Genoese Crossbowman
48:40 Plate Barding Armor
50:29 Ring Archer Armor
50:18 Block Printing
50:31 Illumination
51:28 Pirotechnia
51:29 Thumb Ring
54:55 Ballistics
55:36 Chemistry
54:17 Treadmill Crane
60:04 Spies/Treason
61:05 Gillnets
61:55 Hoardings
Connection lost

Rejoining the realm…

Still unreachable

The connection could not be restored.

Session expired

The server has moved on; the page needs a fresh start.